TOP OF THE 1ST |
Tuscaloosa Trout Slayers batting - Pitching for Chattanooga Chinpokomon : LHP Alberto Galindo
|
Pitching: LHP Alberto Galindo
|
|
Batting: LHB Manuel Ortega
|
0-0: Foul Ball, location: 2F 0-1: Foul Ball, location: 2F 0-2: Ball 1-2: Foul Ball, location: 2F 1-2: Foul Ball, location: 2F 1-2: Ball 2-2: Ball 3-2: Foul Ball, location: 2F 3-2: Strikes out swinging
|
Batting: LHB Ed Murray
|
0-0: Ground out 4-3 (Groundball, 4)
|
Batting: LHB Eddy Jefferson
|
0-0: Ball 1-0: Ball 2-0: Foul Ball, location: 2F 2-1: Swinging Strike 2-2: Ball 3-2: Base on Balls
|
Batting: LHB Marcos Villarreal
|
0-0: Called Strike 0-1: Swinging Strike 0-2: Ball 1-2: Ball 2-2: Ball 3-2: Strikes out swinging
|
Top of the 1st over - 0 runs, 0 hits, 0 errors, 1 left on base; Tuscaloosa 0 - Chattanooga 0 |
BOTTOM OF THE 1ST |
Chattanooga Chinpokomon batting - Pitching for Tuscaloosa Trout Slayers : LHP Gerardo González
|
Pitching: LHP Gerardo González
|
|
Batting: LHB Elvin Summers
|
0-0: SINGLE (Line Drive, 5D)
|
Batting: RHB Ricardo Salazar
|
0-0: Ball 1-0: Ball 2-0: Foul Ball, location: 2F 2-1: Ball 3-1: Foul Ball, location: 2F 3-2: Strikes out swinging
|
Batting: RHB Jesús Tisnado
|
0-0: Foul Ball, location: 2F 0-1: Ball 1-1: Called Strike 1-2: Ball 2-2: Strikes out swinging
|
Batting: RHB Tom Hicks
|
0-0: Foul Ball, location: 2F 0-1: Ball 1-1: Called Strike Elvin Summers is caught stealing 2nd base
|
Bottom of the 1st over - 0 runs, 1 hit, 0 errors, 0 left on base; Tuscaloosa 0 - Chattanooga 0 |
TOP OF THE 2ND |
Tuscaloosa Trout Slayers batting - Pitching for Chattanooga Chinpokomon : LHP Alberto Galindo
|
Batting: RHB Augusto Baca
|
0-0: Foul Ball, location: 2F 0-1: Ball 1-1: DOUBLE (Groundball, 5L)
|
Batting: RHB José Pinto
|
0-0: Foul Ball, location: 2F 0-1: Ball 1-1: Foul Ball, location: 2F 1-2: SINGLE (Groundball, 6MD) Augusto Baca to third
|
Batting: LHB Ethan Shaw
|
0-0: Foul Ball, location: 2F 0-1: Foul Ball, location: 2F 0-2: Foul Ball, location: 2F 0-2: Strikes out looking
|
Batting: RHB Claudio Gonzáles
|
0-0: Fly out, F7 (Flyball, 7S)
|
Batting: SHB António Ramírez
|
0-0: Ball 1-0: Foul Ball, location: 2F 1-1: Ball 2-1: Foul Ball, location: 2F 2-2: Strikes out looking
|
Top of the 2nd over - 0 runs, 2 hits, 0 errors, 2 left on base; Tuscaloosa 0 - Chattanooga 0 |
BOTTOM OF THE 2ND |
Chattanooga Chinpokomon batting - Pitching for Tuscaloosa Trout Slayers : LHP Gerardo González
|
Batting: RHB Tom Hicks
|
0-0: Ball 1-0: Swinging Strike 1-1: Foul Ball, location: 2F 1-2: Ground out 6-3 (Groundball, 56)
|
Batting: LHB Ramiro Muńóz
|
0-0: Ball 1-0: Ball 2-0: Called Strike 2-1: Called Strike 2-2: Strikes out swinging, 2-3 out at first.
|
Batting: RHB Ben Barker
|
0-0: Ball 1-0: Ground out 4-3 (Groundball, 4)
|
Bottom of the 2nd over - 0 runs, 0 hits, 0 errors, 0 left on base; Tuscaloosa 0 - Chattanooga 0 |
TOP OF THE 3RD |
Tuscaloosa Trout Slayers batting - Pitching for Chattanooga Chinpokomon : LHP Alberto Galindo
|
Batting: LHB Manuel Ortega
|
0-0: Ball 1-0: Called Strike 1-1: Ball 2-1: Foul Ball, location: 2F 2-2: Ball 3-2: Foul Ball, location: 2F 3-2: Strikes out swinging
|
Batting: LHB Ed Murray
|
0-0: Ball 1-0: Ball 2-0: Ball 3-0: Called Strike 3-1: Called Strike 3-2: SINGLE (Groundball, 4MS) (infield hit)
|
Batting: LHB Eddy Jefferson
|
0-0: Ball 1-0: Foul Ball, location: 2F 1-1: Ball 2-1: Foul Ball, location: 2F 2-2: Foul Ball, location: 2F 2-2: Foul Ball, location: 2F 2-2: Foul Ball, location: 2F 2-2: Foul Ball, location: 2F 2-2: SINGLE (Groundball, 6D) Ed Murray to second
|
Batting: LHB Marcos Villarreal
|
0-0: Ball 1-0: Ball 2-0: SINGLE (Line Drive, 56D) Ed Murray to third Eddy Jefferson to second
|
Batting: RHB Augusto Baca
|
0-0: Ball 1-0: Called Strike 1-1: Fly out, F7 (Flyball, 7S)
|
Batting: RHB José Pinto
|
0-0: Ground out 4-3 (Groundball, 4)
|
Top of the 3rd over - 0 runs, 3 hits, 0 errors, 3 left on base; Tuscaloosa 0 - Chattanooga 0 |
BOTTOM OF THE 3RD |
Chattanooga Chinpokomon batting - Pitching for Tuscaloosa Trout Slayers : LHP Gerardo González
|
Batting: RHB John Robertson
|
0-0: Fly out, F8 (Flyball, 8LM)
|
Batting: RHB Ichizo Akiyama
|
0-0: Foul Ball, location: 2F 0-1: Foul Ball, location: 2F 0-2: Foul Ball, location: 2F 0-2: Strikes out looking
|
Batting: RHB Jorge Mora
|
0-0: Ball 1-0: Called Strike 1-1: Called Strike 1-2: Ball 2-2: Foul Ball, location: 2F 2-2: Foul Ball, location: 2F 2-2: Foul Ball, location: 2F 2-2: Ground out U3 (Groundball, 3)
|
Bottom of the 3rd over - 0 runs, 0 hits, 0 errors, 0 left on base; Tuscaloosa 0 - Chattanooga 0 |
TOP OF THE 4TH |
Tuscaloosa Trout Slayers batting - Pitching for Chattanooga Chinpokomon : LHP Alberto Galindo
|
Batting: LHB Ethan Shaw
|
0-0: Ground out 6-3 (Groundball, 56)
|
Batting: RHB Claudio Gonzáles
|
0-0: Called Strike 0-1: Ball 1-1: Ball 2-1: Called Strike 2-2: Ball 3-2: Fly out, F9 (Flyball, 9S)
|
Batting: SHB António Ramírez
|
0-0: SINGLE (Line Drive, 89S)
|
Batting: LHB Manuel Ortega
|
0-0: Ball 1-0: Ball 2-0: Called Strike 2-1: Ball 3-1: Base on Balls António Ramírez to second
|
Batting: LHB Ed Murray
|
0-0: Called Strike 0-1: Fielders Choice at 2nd, 6-4 (Groundball, 6)
|
Top of the 4th over - 0 runs, 1 hit, 0 errors, 2 left on base; Tuscaloosa 0 - Chattanooga 0 |
BOTTOM OF THE 4TH |
Chattanooga Chinpokomon batting - Pitching for Tuscaloosa Trout Slayers : LHP Gerardo González
|
Batting: LHB Elvin Summers
|
0-0: Ball 1-0: Ball 2-0: Swinging Strike 2-1: Ground out 5-3 (Groundball, 5S)
|
Batting: RHB Ricardo Salazar
|
0-0: SINGLE (Flyball, 89S)
|
Batting: RHB Jesús Tisnado
|
0-0: Ball 1-0: Ball 2-0: Ball 3-0: Called Strike 3-1: Base on Balls Ricardo Salazar to second
|
Batting: RHB Tom Hicks
|
0-0: DOUBLE (Flyball, 78XD) Ricardo Salazar scores Jesús Tisnado to third
|
Batting: LHB Ramiro Muńóz
|
0-0: Swinging Strike 0-1: Called Strike 0-2: Strikes out swinging
|
Batting: RHB Ben Barker
|
0-0: Ball 1-0: Called Strike 1-1: SINGLE (Flyball, 5D) Jesús Tisnado scores Tom Hicks to third Runner from 3rd tries for Home, SAFE, throw made home
|
Batting: RHB John Robertson
|
0-0: Swinging Strike 0-1: Ball 1-1: Called Strike 1-2: Fielders Choice at 2nd, 6-4 (Groundball, 6)
|
Bottom of the 4th over - 3 runs, 3 hits, 0 errors, 1 left on base; Tuscaloosa 0 - Chattanooga 3 |
TOP OF THE 5TH |
Tuscaloosa Trout Slayers batting - Pitching for Chattanooga Chinpokomon : LHP Alberto Galindo
|
Batting: LHB Eddy Jefferson
|
0-0: Swinging Strike 0-1: Foul Ball, location: 2F 0-2: Strikes out looking
|
Batting: LHB Marcos Villarreal
|
0-0: Fly out, F5 (Popup, 6S)
|
Batting: RHB Augusto Baca
|
0-0: Ball 1-0: Ground out 4-3 (Groundball, 4)
|
Top of the 5th over - 0 runs, 0 hits, 0 errors, 0 left on base; Tuscaloosa 0 - Chattanooga 3 |
BOTTOM OF THE 5TH |
Chattanooga Chinpokomon batting - Pitching for Tuscaloosa Trout Slayers : LHP Gerardo González
|
Batting: RHB Ichizo Akiyama
|
0-0: Ball 1-0: Swinging Strike 1-1: Foul Ball, location: 2F 1-2: Ground out 5-3 (Groundball, 5)
|
Batting: RHB Jorge Mora
|
0-0: SINGLE (Groundball, 56D)
|
Batting: LHB Elvin Summers
|
0-0: SINGLE (Line Drive, 8LS) Jorge Mora to second
|
Batting: RHB Ricardo Salazar
|
0-0: Called Strike 0-1: Ball 1-1: Called Strike 1-2: Strikes out looking
|
Batting: RHB Jesús Tisnado
|
0-0: SINGLE (Groundball, 56D) Jorge Mora to third Elvin Summers to second Runner from 3rd tries for Home, SAFE, no throw
|
Batting: RHB Tom Hicks
|
0-0: Ball 1-0: Called Strike 1-1: Swinging Strike 1-2: Ball 2-2: Ground out 1-3 (Groundball, 13)
|
Bottom of the 5th over - 1 run, 3 hits, 0 errors, 2 left on base; Tuscaloosa 0 - Chattanooga 4 |
TOP OF THE 6TH |
Tuscaloosa Trout Slayers batting - Pitching for Chattanooga Chinpokomon : LHP Alberto Galindo
|
Batting: RHB José Pinto
|
0-0: Called Strike 0-1: Ball 1-1: Ground out 5-3 (Groundball, 56S)
|
Batting: LHB Ethan Shaw
|
0-0: Ball 1-0: Ground out 6-3 (Groundball, 6M)
|
Batting: RHB Claudio Gonzáles
|
0-0: DOUBLE (Line Drive, 9D) - OUT at third base trying to stretch hit.
|
Top of the 6th over - 0 runs, 1 hit, 0 errors, 0 left on base; Tuscaloosa 0 - Chattanooga 4 |
BOTTOM OF THE 6TH |
Chattanooga Chinpokomon batting - Pitching for Tuscaloosa Trout Slayers : LHP Gerardo González
|
Batting: LHB Ramiro Muńóz
|
0-0: Called Strike 0-1: Ground out 3-1 (Groundball, 34)
|
Batting: RHB Ben Barker
|
0-0: Called Strike 0-1: Foul Ball, location: 2F 0-2: SINGLE (Flyball, 78M)
|
Batting: RHB John Robertson
|
0-0: Foul Ball, location: 2F 0-1: DOUBLE (Flyball, 89D) Ben Barker to third Runner from 3rd tries for Home, SAFE, no throw
|
Pitching: LHP Dave Blackwell
|
|
Batting: RHB Ichizo Akiyama
|
0-0: Ball 1-0: Foul Ball, location: 2F 1-1: Foul Ball, location: 2F 1-2: Foul Ball, location: 2F 1-2: Foul Ball, location: 2F 1-2: Strikes out swinging
|
Batting: RHB Jorge Mora
|
0-0: Ball 1-0: Swinging Strike 1-1: Ground out U3 (Groundball, 3)
|
Bottom of the 6th over - 1 run, 2 hits, 0 errors, 1 left on base; Tuscaloosa 0 - Chattanooga 5 |
TOP OF THE 7TH |
Tuscaloosa Trout Slayers batting - Pitching for Chattanooga Chinpokomon : LHP Alberto Galindo
|
Batting: SHB António Ramírez
|
0-0: Called Strike 0-1: Foul Ball, location: 2F 0-2: Ball 1-2: SINGLE (Line Drive, 6MD)
|
Pitching: RHP Ricardo Quińones
|
|
Batting: LHB Manuel Ortega
|
0-0: Ball 1-0: Swinging Strike 1-1: Fielders Choice at 2nd, 6-4 (Groundball, 6)
|
Batting: LHB Ed Murray
|
0-0: Ball 1-0: Called Strike 1-1: Ball 2-1: Foul Ball, location: 2F 2-2: Fly out, F9 (Flyball, 89M)
|
Batting: LHB Eddy Jefferson
|
0-0: Ball 1-0: Foul Ball, location: 2F 1-1: Called Strike 1-2: Foul Ball, location: 2F 1-2: Fly out, F8 (Flyball, 8LD)
|
Top of the 7th over - 0 runs, 1 hit, 0 errors, 1 left on base; Tuscaloosa 0 - Chattanooga 5 |
BOTTOM OF THE 7TH |
Chattanooga Chinpokomon batting - Pitching for Tuscaloosa Trout Slayers : LHP Dave Blackwell
|
Batting: LHB Elvin Summers
|
0-0: Ball 1-0: Called Strike 1-1: SINGLE (Line Drive, 6MD)
|
Batting: RHB Ricardo Salazar
|
0-0: Grounds into double play, 4-6-3 (Groundball, 4)
|
Batting: RHB Jesús Tisnado
|
0-0: SINGLE (Flyball, 7LS)
|
Batting: RHB Tom Hicks
|
0-0: Called Strike 0-1: Ball 1-1: Foul Ball, location: 2F 1-2: Strikes out swinging
|
Bottom of the 7th over - 0 runs, 2 hits, 0 errors, 1 left on base; Tuscaloosa 0 - Chattanooga 5 |
TOP OF THE 8TH |
Tuscaloosa Trout Slayers batting - Pitching for Chattanooga Chinpokomon : RHP Ricardo Quińones
|
Now at 2B: Roberto Martínez
|
|
Batting: LHB Marcos Villarreal
|
0-0: Foul Ball, location: 2F 0-1: Foul Ball, location: 2F 0-2: Ball 1-2: Ball 2-2: Foul Ball, location: 2F 2-2: Ball 3-2: Foul Ball, location: 2F 3-2: Foul Ball, location: 2F 3-2: Fly out, F8 (Flyball, 78M)
|
Batting: RHB Augusto Baca
|
0-0: Foul Ball, location: 2F 0-1: Ball 1-1: Fly out, F4 (Popup, 4D)
|
Batting: RHB José Pinto
|
0-0: Swinging Strike 0-1: Ground out 5-3 (Groundball, 5D)
|
Top of the 8th over - 0 runs, 0 hits, 0 errors, 0 left on base; Tuscaloosa 0 - Chattanooga 5 |
BOTTOM OF THE 8TH |
Chattanooga Chinpokomon batting - Pitching for Tuscaloosa Trout Slayers : LHP Dave Blackwell
|
Batting: LHB Ramiro Muńóz
|
0-0: Ball 1-0: Foul Ball, location: 2F 1-1: Foul Ball, location: 2F 1-2: Hit by Pitch
|
Batting: RHB Ben Barker
|
0-0: Swinging Strike 0-1: Ground out U3 (Groundball, 34S) Ramiro Muńóz to second
|
Batting: RHB John Robertson
|
0-0: Ball 1-0: Ball 2-0: Ball Wild Pitch! Ramiro Muńóz to third 3-0: Base on Balls
|
Batting: RHB Ichizo Akiyama
|
0-0: Ball 1-0: Ball 2-0: Called Strike 2-1: Ball 3-1: Foul Ball, location: 2F 3-2: Strikes out swinging
|
Batting: RHB Jorge Mora
|
0-0: Called Strike 0-1: Ball 1-1: Ball 2-1: Foul Ball, location: 2F 2-2: Ball 3-2: Base on Balls John Robertson to second
|
Batting: LHB Elvin Summers
|
0-0: Called Strike 0-1: Ball 1-1: Ball 2-1: Fly out, F7 (Flyball, 7)
|
Bottom of the 8th over - 0 runs, 0 hits, 0 errors, 3 left on base; Tuscaloosa 0 - Chattanooga 5 |
TOP OF THE 9TH |
Tuscaloosa Trout Slayers batting - Pitching for Chattanooga Chinpokomon : RHP Ricardo Quińones
|
Now at 3B: Luis Maldonado
|
|
Batting: LHB Ethan Shaw
|
0-0: Called Strike 0-1: Foul Ball, location: 2F 0-2: Strikes out looking
|
Batting: RHB Claudio Gonzáles
|
0-0: Ball 1-0: Ground out 1-3 (Groundball, 13)
|
Batting: SHB António Ramírez
|
0-0: Ball 1-0: Ball 2-0: Ball 3-0: Called Strike 3-1: Base on Balls
|
Batting: LHB Manuel Ortega
|
0-0: Ball 1-0: Ball 2-0: Called Strike 2-1: Swinging Strike 2-2: SINGLE (Flyball, 9S) António Ramírez to second
|
Pitching: RHP Jorge Amador
|
|
Batting: LHB Ed Murray
|
0-0: Ball 1-0: Called Strike 1-1: Ball 2-1: Called Strike 2-2: SINGLE (Line Drive, 4MD) António Ramírez to third Manuel Ortega to second
|
Pitching: RHP Renaldo Quilh
|
|
Batting: LHB Eddy Jefferson
|
0-0: Foul Ball, location: 2F 0-1: Swinging Strike 0-2: Strikes out swinging
|
Top of the 9th over - 0 runs, 2 hits, 0 errors, 3 left on base; Tuscaloosa 0 - Chattanooga 5 |
|